 Dungeon Crawl Stone Soup version 0.31.0-32-g396128a36d (webtiles) character file.

Game seed: 17734934092796478131

440 PaiMei the Grave Robber (level 6, -1/46 HPs)
             Began as a Demonspawn Necromancer on Mar 28, 2024.
             Slain by a water moccasin (7 damage)
             ... on level 7 of the Dungeon.
             The game lasted 00:05:34 (4319 turns).

PaiMei the Grave Robber (Demonspawn Necromancer)    Turns: 4319, Time: 00:05:35

Health: -1/46      AC:  5    Str:  8    XL:     6   Next: 70%
Magic:  3/11       EV: 13    Int: 18    God:
Gold:   184        SH:  0    Dex: 13    Spells: 8/12 levels left

rFire   + . .        s - +1 falchion (freeze)
rCold   + . .        (no shield)
rNeg    . . .        a - +0 robe
rPois   +            p - +2 hat
rElec   +            (no cloak)
rCorr   +            e - +0 pair of gloves
SInv    .            (no boots)
Will    .....        (no amulet)
Stlth   ++           (no ring)
HPRegen 0.27/turn    (no ring)
MPRegen 0.12/turn

%: no passive effects
@: resistant
A: foul stench 1, sturdy frame 2, demonic touch 2
a: no special abilities


You were on level 7 of the Dungeon.
You visited 2 branches of the dungeon, and saw 6 of its levels.

You collected 184 gold pieces.

Inventory:

Hand Weapons
 h - a +0 mace
 s - a +1 falchion of freezing (weapon)
Missiles
 o - 3 datura-tipped darts
Armour
 a - a +0 robe (worn)
 e - a +0 pair of gloves (worn)
 p - a +2 hat (worn)
 q - the +4 chain mail of the Hall of Blades {Stlth+}
   (You found it on level 2 of the Dungeon)

   Stlth+:    It makes you more stealthy.
Scrolls
 c - a scroll of amnesia {unknown}
 i - 2 scrolls of identify {unknown}
 j - 2 scrolls of immolation
 k - a scroll of blinking {unknown}
 m - a scroll of vulnerability {unknown}
Potions
 b - 2 potions of magic
 f - a potion of curing


   Skills:
 + Level 2.8 Fighting
 + Level 3.6 Dodging
 - Level 2.2 Stealth
 + Level 3.7 Spellcasting
 + Level 5.8 Necromancy


You had 8 spell levels left.
You knew the following spells:

 Your Spells              Type           Power      Damage    Failure   Level
a - Necrotise             Necr           96%        1d8       1%          1
b - Vampiric Draining     Necr           24%        2d7       4%          3

Your spell library contained the following spells:

 Spells                   Type           Power      Damage    Failure   Level
 Animate Dead             Necr           24%        N/A       14%         4
 Dispel Undead            Necr           24%        3d12      14%         4
 Mercury Vapours          Alch/Air       6%         N/A       22%         2
 Curse of Agony           Necr           24%        N/A       36%         5
 Mephitic Cloud           Conj/Alch/Air  3%         N/A       41%         3
 Tukima's Dance           Hex            3%         N/A       41%         3
 Borgnjor's Vile Clutch   Necr/Erth      6%         N/A       77%         5
 Dimensional Bullseye     Hex/Tloc       1%         N/A       83%         4
 Iskenderun's Mystic Bla  Conj/Tloc      3%         2d3       83%         4
 Freezing Cloud           Conj/Ice/Air   1%         6-21      99%         5


Dungeon Overview and Level Annotations

Branches:
Dungeon (7/15)             Temple (1/1) D:7

Altars:
Ashenzari
Cheibriados
Dithmenos
Fedhas
Gozag
Makhleb
Nemelex Xobeh
Qazlal
Ru
Sif Muna
Trog
Uskayaw
Vehumet
Wu Jian
Xom
Yredelemnul

Portals:
Bailey: D:7

Annotations:
D:7 exclusion: oklob plant


Innate Abilities, Weirdness & Mutations

You may rarely emit foul miasma when damaged in melee.
Your movements are less encumbered by armour. (ER -4)
Your touch may inflict irresistible damage on your foes.


Message History

You feel very mighty all of a sudden.
It was a potion of brilliance.
You feel clever all of a sudden.
The water moccasin bites your goblin skeleton.
Your goblin skeleton is destroyed!
It was a potion of cancellation.
Your magical effects are unravelling.
You feel magically purged.
You float gracefully downwards.
You feel a little less mighty now.
You feel a little less clever now.
Your enlightenment fades.
It was a potion of resistance.
You feel protected.
Casting: Necrotise (safe; 1% risk of failure)
Confirm with . or Enter, or press ? or * to list all spells.
You don't have enough magic to cast this spell.
You hit the water moccasin but do no damage.
Your touch misses the water moccasin.
The water moccasin bites you but does no damage.
You barely miss the water moccasin.
The water moccasin bites you but does no damage. x2
You hit the water moccasin but do no damage.
The water moccasin misses you. The water moccasin bites you!
* * * LOW HITPOINT WARNING * * *
You hit the water moccasin. You freeze the water moccasin.
The water moccasin is lightly wounded.
The water moccasin closely misses you.
Your goblin skeleton hits the water moccasin.
The water moccasin completely misses you.
You hit the water moccasin but do no damage.
The water moccasin is lightly wounded.
The water moccasin bites you.
* * * LOW HITPOINT WARNING * * *
Your goblin skeleton hits the water moccasin but does no damage.
The water moccasin bites you but does no damage.
You closely miss the water moccasin. Your touch misses the water moccasin.
The water moccasin is lightly wounded.
The water moccasin barely misses you.
Your goblin skeleton misses the water moccasin.
The water moccasin bites you!
You die...

.. ########## ...
#. #........# ≈~≈≈
#. #........#
..Z≈.#.###........#
.Sg≈Z<............#
..g≈.##..#........#
≈≈≈≈.....#........#
..........ZS@.....#
######.###########
##.# #[.# #.## .
#.# ..########.#
#..........#
####...#####


You could see a water moccasin (ally target) and a friendly goblin skeleton.

Vanquished Creatures
  A bullfrog (D:7)
  A scorpion (D:3)
  A bombardier beetle (D:2)
  3 jellies (D:7)
  A sleepcap (D:4)
  4 adders
  A shadow imp (D:7)
  2 ribbon worms (D:2)
  2 dart slugs
  2 orcs
  7 bats
  11 endoplasms
  4 giant cockroaches
  12 goblins
  10 hobgoblins
  8 jackals
  4 kobolds
  5 quokkas
  5 ball pythons (D:1)
  6 frilled lizards
  2 rats
92 creatures vanquished.

Vanquished Creatures (collateral kills)
  An endoplasm (D:2)
  A goblin (D:2)
  A jackal (D:1)
3 creatures vanquished.

Vanquished Creatures (others)
  A dart slug (D:2)
  A hobgoblin (D:2)
2 creatures vanquished.

Grand Total: 97 creatures vanquished

Notes
Turn   | Place    | Note
-------+----------+-------------------------------------------
     0 | D:1      | PaiMei the Demonspawn Necromancer began the quest for the
                  | Orb.
     0 | D:1      | Reached XP level 1. HP: 13/13 MP: 3/3
   284 | D:1      | Gained mutation: Your movements are slightly less
                  | encumbered by armour. (ER -2) [demonic ancestry]
   284 | D:1      | Reached XP level 2. HP: 10/19 MP: 0/5
   823 | D:1      | Gained mutation: Your movements are less encumbered by
                  | armour. (ER -4) [demonic ancestry]
   823 | D:1      | Reached XP level 3. HP: 24/24 MP: 1/6
   828 | D:1      | Learned a level 3 spell: Vampiric Draining
  1005 | D:1      | Found a faded altar of an unknown god.
  1407 | D:1      | Found a hide-covered altar of Uskayaw.
  1688 | D:2      | Gained mutation: Your touch may inflict minor irresistible
                  | damage on your foes. [demonic ancestry]
  1688 | D:2      | Reached XP level 4. HP: 23/31 MP: 0/7
  1800 | D:2      | Reached skill level 1 in Fighting
  1830 | D:2      | Reached skill level 5 in Necromancy
  2293 | D:2      | Got the Book of the Pure Beds
  2334 | D:2      | Identified the +4 trident "Suest" {holy, SInv}
  2394 | D:2      | Identified the +4 chain mail of the Hall of Blades {Stlth+}
  2720 | D:2      | Gained mutation: You may rarely emit foul miasma when
                  | damaged in melee. [demonic ancestry]
  2720 | D:2      | Reached XP level 5. HP: 37/37 MP: 2/9
  3170 | D:3      | Found a radiant altar of Vehumet.
  4097 | D:4      | Gained mutation: Your touch may inflict irresistible damage
                  | on your foes. [demonic ancestry]
  4097 | D:4      | Reached XP level 6. HP: 44/44 MP: 9/11
  4099 | D:4      | You fall into a shaft and drop 3 floors!
  4125 | D:7      | Noticed an oklob plant
  4149 | D:7      | Found a staircase to the Ecumenical Temple.
  4162 | Temple   | Entered the Ecumenical Temple
  4220 | D:7      | Noticed a sky beast
  4298 | D:7      | Found a flagged portal.
  4302 | D:7      | Noticed a water moccasin
  4319 | D:7      | Slain by a water moccasin

Illustrated notes

Levels and vault maps discovered:
D:1:      dpeg_arrival_water_altar, layout_basic,
          hellmonk_ecumenical_altar_blasted, minmay_misc_feat_chi
D:2:      minmay_razor_zed, layout_basic, minmay_three_crescents
D:3:      layout_loops_ring, minitemple
D:4:      layout_basic, jmf_multi_god_temple
D:7:      lemuel_slime, layout_rooms, temple_fountains, enter_bailey_5
Temple:   bh_familiar_temple

Skill      XL: |  1  2  3  4  5 |
---------------+----------------+-----
Stealth        | 2 |  2.2
Dodging        | 2 3 |  3.6
Fighting       | 1 2 |  2.8
Necromancy     | 5 |  5.8
Spellcasting   | 3 |  3.7

Action                     |  1- 3 |  4- 6 || total
---------------------------+-------+-------++-------
  Melee: Unarmed           |    36 |       ||    36
         Mace              |     7 |    10 ||    17
         Touch             |       |     5 ||     5
         Falchion          |       |    20 ||    20
   Cast: Necrotise         |    73 |   100 ||   173
         Vampiric Draining |       |     5 ||     5
    Use: Potion            |       |     6 ||     6
 Armour: Robe              |    46 |    41 ||    87
  Dodge: Dodged            |    82 |    42 ||   124
